 Dungeon Crawl Stone Soup version 0.31.0-12-g77e489cdc1 (webtiles) character file.

Game seed: 3498921495993280402

58 Marvel the Trooper (level 4, -1/40 HPs)
             Began as a Hill Orc Fighter on Feb 24, 2024.
             Slain by Grinder (5 damage)
             ... on level 3 of the Dungeon.
             The game lasted 00:02:25 (1506 turns).

Marvel the Trooper (Hill Orc Fighter)               Turns: 1506, Time: 00:02:26

Health: -1/40      AC:  8    Str: 20    XL:     4   Next: 2%
Magic:  0/4        EV:  9    Int:  8    God:
Gold:   142        SH:  4    Dex: 10    Spells: 3/3 levels left

rFire   . . .        a - +0 war axe
rCold   . . .        c - +0 buckler
rNeg    . . .        b - +0 scale mail
rPois   .            (no helmet)
rElec   .            f - +0 cloak
rCorr   .            (no gloves)
SInv    .            (no boots)
Will    .....        l - amulet of guardian spirit Stlth
                     (no ring)
HPRegen 0.26/turn    (no ring)
MPRegen 0.09/turn

%: guardian spirit
@: mighty
A: no striking features
a: no special abilities


You were on level 3 of the Dungeon.
You visited 1 branch of the dungeon, and saw 3 of its levels.

You collected 142 gold pieces.

Inventory:

Hand Weapons
 a - a +0 war axe (weapon)
Armour
 b - a +0 scale mail (worn)
 c - a +0 buckler (worn)
 f - a +0 cloak (worn)
Jewellery
 l - an amulet of guardian spirit (around neck)
Wands
 o - a wand of paralysis (9)
Scrolls
 e - a scroll of noise {unknown}
 h - a scroll of blinking {unknown}
 i - 2 scrolls of identify {unknown}
 j - a scroll of acquirement {unknown}
 k - a scroll of fear {unknown}
 m - 2 scrolls of teleportation {unknown}
Potions
 n - 2 potions of mutation {unknown}


   Skills:
 + Level 4.2 Fighting
 * Level 4.0 Axes
 + Level 3.8 Armour
 + Level 3.6 Shields


You had 3 spell levels left.
You didn't know any spells.
Your spell library contained the following spells:

 Spells                   Type           Power      Damage    Failure   Level
 Lesser Beckoning         Tloc           0%         N/A       92%         2
 Gell's Gravitas          Tloc           0%         N/A       99%         3
 Teleport Other           Tloc           0%         N/A       99%         3


Dungeon Overview and Level Annotations

Branches:
Dungeon (3/15)

Altars:

Shops:
D:2 [

Annotations:
D:3 Grinder


Message History

Grinder gestures at you. Pain shoots through your body!
You barely miss Grinder.
Grinder is lightly wounded.
Grinder gestures at you. You resist with significant effort.
Grinder hits you but does no damage.
You closely miss Grinder.
Grinder is lightly wounded.
Grinder gestures at you.
You suddenly lose the ability to move!
Grinder completely misses you. Grinder hits you but does no damage.
Grinder hits you.
You writhe in agony.
Grinder hits you.
You writhe in agony.
You can move again.
You block Grinder's attack.
There is a stone staircase leading up here.
You closely miss Grinder.
Grinder is lightly wounded.
Grinder barely misses you. You block Grinder's attack.
You slash Grinder!
Grinder is moderately wounded.
Grinder closely misses you.
You slash Grinder!
Grinder is heavily wounded.
Grinder gestures at you.
You barely resist. You hit Grinder.
Grinder is severely wounded.
Grinder hits you.
* * * LOW HITPOINT WARNING * * *
Grinder hits you.
* * * LOW HITPOINT WARNING * * *
You feel very mighty all of a sudden.
Grinder says, "What is the universe for?"
Grinder hits you.
* * * LOW HITPOINT WARNING * * *
You writhe in agony.
You die...
Grinder sighs, "Dead already?
I want a refund."

## .$ .## # ..
.# # ####.##..#
#.#.......
.#+#(.....##
....((.5...#
....####@###
..(........#
.............
...######.#...#
.. .# #.# .# .
#


You could see Grinder.

Vanquished Creatures
  An adder (D:2)
  3 dart slugs
  A ribbon worm (D:2)
  2 ball pythons
  6 bats
  An endoplasm (D:1)
  A giant cockroach (D:1)
  4 goblins (D:2)
  4 hobgoblins
  3 kobolds (D:1)
  3 quokkas
  5 frilled lizards
  7 rats
41 creatures vanquished.

Notes
Turn   | Place    | Note
-------+----------+-------------------------------------------
     0 | D:1      | Marvel the Hill Orc Fighter began the quest for the Orb.
     0 | D:1      | Reached XP level 1. HP: 19/19 MP: 1/1
   209 | D:1      | Reached XP level 2. HP: 27/27 MP: 2/2
   519 | D:1      | Reached XP level 3. HP: 33/33 MP: 3/3
  1309 | D:2      | Reached XP level 4. HP: 40/40 MP: 4/4
  1394 | D:2      | Found Booliak's Antique Armour Emporium.
  1476 | D:3      | Noticed Grinder
  1495 | D:3      | Paralysed by Grinder for 5 turns
  1506 | D:3      | Slain by Grinder

Illustrated notes

Levels and vault maps discovered:
D:1:      dpeg_arrival_water_temple_mockup, layout_loops_corners,
          minmay_heptomino_o4
D:2:      layout_rooms, serial_shops, nicolae_shop_tiny_waterfront,
          serial_forest, infiniplex_forest_clump_double,
          infiniplex_forest_lined_2, infiniplex_forest_straight_3,
          infiniplex_forest_straight_3, dreamdust_wishing_well
D:3:      layout_basic, mainiacjoe_sewer_entry_somewhere_in_here_1,
          serial_shops, nicolae_shop_peninsula, shop, shop, shop, shop,
          basic_ecumenical_altar, grunt_ministairs_7, uniq_grinder

Skill      XL: |  1  2  3 |
---------------+----------+-----
Axes           | 3 4 |  4.0
Fighting       | 4 |  4.2
Armour         | |  3.8
Shields        | |  3.6

Action                     |  1- 3 |  4- 6 || total
---------------------------+-------+-------++-------
  Melee: War axe           |    97 |    17 ||   114
  Throw: Dart              |       |     5 ||     5
    Use: Potion            |       |     1 ||     1
 Armour: Scale mail        |    72 |    15 ||    87
  Dodge: Dodged            |    48 |     8 ||    56
  Block: Buckler           |    19 |     5 ||    24
